 Seeded DCSS version 0.27.1-34-g3ba077fa99 (webtiles) character file.

Game seed: 8840528127268114696 (custom seed)

0 voltaire321 the Skirmisher (level 1, 0/19 HPs)
             Began as a Hill Orc Fighter on Jan 19, 2022.
             Slain by a goblin (1 damage)
             ... on level 1 of the Dungeon.
             The game lasted 00:01:07 (72 turns).

voltaire321 the Skirmisher (Hill Orc Fighter)         Turns: 72, Time: 00:01:07

Health: 0/19       AC:  6    Str: 18    XL:     1   Next: 10%
Magic:  1/1        EV:  4    Int:  8    God:
Gold:   1044       SH:  9    Dex: 10    Spells: 0/0 levels left

rFire    . . .     SeeInvis .   a - +0 flail
rCold    . . .     Faith    .   c - +0 kite shield
rNeg     . . .     Spirit   .   b - +0 scale mail
rPois    .         Reflect  .   (no helmet)
rElec    .         Harm     .   (no cloak)
rCorr    .         Rampage  .   (no gloves)
Will     .....                  (no boots)
Stlth    ..........             (no amulet)
HPRegen  0.06/turn              (no ring)
MPRegen  0.07/turn              (no ring)

@: constricted
A: no striking features
a: no special abilities


You were on level 1 of the Dungeon.
You visited 1 branch of the dungeon, and saw 1 of its levels.

You collected 1044 gold pieces.

Inventory:

Hand Weapons
 a - a +0 flail (weapon)
Armour
 b - a +0 scale mail (worn)
 c - a +0 kite shield (worn)
Jewellery
 f - a +6 ring of intelligence
Scrolls
 e - a scroll of acquirement
Potions
 d - a potion of might


   Skills:
 + Level 3.6 Fighting
 + Level 2.2 Maces & Flails
 + Level 3.3 Armour
 + Level 3.3 Shields


You couldn't memorise any spells.
You didn't know any spells.
Your spell library was empty.

Dungeon Overview and Level Annotations

Branches:
Dungeon (1/15)

Altars:


Message History

A goblin comes into view. It is wielding a +0 club.
The bat barely misses you. The bat hits you but does no damage.
The bat hits you. The bat hits you but does no damage.
The bat hits you but does no damage. x2
The bat hits you but does no damage. The bat hits you but does no damage.
A ball python comes into view.
The ball python hisses angrily.
You block the bat's attack. The bat hits you but does no damage.
The bat barely misses you. The kobold hits you but does no damage.
The kobold hits you but does no damage. You block the bat's attack.
You block the bat's attack. You block the goblin's attack.
The kobold hits you but does no damage. The goblin barely misses you.
The kobold hits you but does no damage. You block the ball python's attack.
The ball python grabs you. The ball python constricts you.
The ball python bites you. The ball python constricts you.
The goblin hits you with a +0 club.
The kobold hits you with a +0 short sword.
You block the ball python's attack. The ball python constricts you.
The goblin hits you with a +0 club. The kobold hits you but does no damage.
The ball python bites you but does no damage.
The ball python constricts you. The goblin barely misses you.
The kobold hits you with a +0 short sword.
The ball python bites you but does no damage.
The ball python constricts you. You block the goblin's attack.
The kobold hits you with a +0 short sword.
You block the ball python's attack. The ball python constricts you.
You block the goblin's attack. You block the ball python's attack.
The ball python constricts you. The kobold barely misses you.
The goblin hits you with a +0 club.
* * * LOW HITPOINT WARNING * * *
The ball python barely misses you. The ball python constricts you.
The kobold hits you but does no damage. The ball python bites you.
* * * LOW HITPOINT WARNING * * *
The ball python constricts you. The goblin hits you with a +0 club.
You die...

#..#.#####.....#...
#...........##.#.##
#................#
...........##......
....##.###.....##.
.## #.# .#g....
#.###.# ###.
##Kg.#.#..
#.@Sb.....
#..#.#.... #.....#
... ........ ..
..###.#### . ....
#.. ### ###


You could see a goblin, a bat, a ball python and a kobold.

Vanquished Creatures
  A ball python (D:1)
1 creature vanquished.

Notes
Turn   | Place    | Note
-------+----------+-------------------------------------------
     0 | D:1      | voltaire321 the Hill Orc Fighter began the quest for the
                  | Orb.
     0 | D:1      | Reached XP level 1. HP: 19/19 MP: 1/1
    21 | D:1      | Identified 3 scrolls of acquirement
    21 | D:1      | Acquired 1041 gold pieces
    25 | D:1      | Acquired 1054 gold pieces
    72 | D:1      | Slain by a goblin

Illustrated notes

Levels and vault maps discovered:
D:1:      minmay_arrival_semitransparent, layout_basic

Action                   || total
-------------------------++-------
Melee: Flail             ||     1
  Use: Scroll            ||     2
Armor: Scale mail        ||    15
Dodge: Dodged            ||     7
Block: Kite shield       ||    10
